 Dungeon Crawl Stone Soup version 0.19.5 (webtiles) character file.

1810 Azzok the Fighter (level 8, -1/81 (82) HPs)
             Began as a Centaur Fighter on June 1, 2017.
             Slain by a wight
             ... wielding a +3 halberd
              (3 damage)
             ... on level 6 of the Dungeon.
             The game lasted 00:10:20 (6751 turns).

Azzok the Fighter (Centaur Fighter)                 Turns: 6751, Time: 00:10:21

HP:   -1/81 (82)    AC:  8    Str: 24    XL:     8   Next: 84%
MP:   8/8           EV:  4    Int:  7    God:
Gold: 131           SH:  7    Dex: 10    Spells: 0 memorised, 7 levels left

rFire  . . .     SeeInvis .     a - +0 long sword
rCold  . . .     Gourm    .     b - +0 scale mail
rNeg   . . .     Faith    .     c - +0 shield
rPois  .         Spirit   .     g - +1 helmet
rElec  .         Reflect  .     (no cloak)
rCorr  .         Harm     .     (no gloves)
MR     +....                    (no barding)
Stlth  ..........               (no amulet)
                                E - ring of protection from magic
                                e - +4 ring of strength

@: heavily drained, very quick
A: hooves 3, deformed body, speed 2, tough skin 3
a: no special abilities


You were on level 6 of the Dungeon.
You were hungry.

You visited 1 branch of the dungeon, and saw 6 of its levels.

You collected 131 gold pieces.

Inventory:

Hand Weapons
 a - a +0 long sword (weapon)
 j - a +0 shortbow
Missiles
 h - 43 arrows
Armour
 b - a +0 scale mail (worn)
 c - a +0 shield (worn)
 g - a +1 helmet (worn)
Jewellery
 e - a +4 ring of strength (left hand)
 v - an uncursed ring of resist corrosion
 E - a ring of protection from magic (right hand)
Wands
 y - a wand of lightning (6/15)
 C - a wand of slowing (23/48)
Scrolls
 i - 2 scrolls of fog
 k - a scroll of noise {unknown}
 l - 7 scrolls of remove curse
 n - 2 scrolls of teleportation {unknown}
 o - a scroll of blinking {unknown}
 q - 2 scrolls of enchant weapon {unknown}
 s - a scroll of random uselessness {unknown}
 u - a scroll of magic mapping {unknown}
 D - 2 scrolls of identify {unknown}
 G - a scroll of fear {unknown}
Potions
 d - 3 potions of flight {unknown}
 m - 6 potions of curing {unknown}
 p - 3 potions of berserk rage {unknown}
 z - 2 potions of lignification {unknown}
 A - a potion of haste {unknown}
 B - a potion of degeneration {unknown}
Books
 x - a book of Conjurations

   Spells                             Type                      Level
   a - Magic Dart                     Conjuration                  1
   b - Searing Ray                    Conjuration                  2
   c - Dazzling Spray                 Conjuration/Hexes            3
   d - Fulminant Prism                Conjuration/Hexes            4
   e - Iskenderun's Mystic Blast      Conjuration                  4
   f - Iskenderun's Battlesphere      Conjuration/Charms           5
Comestibles
 f - 5 bread rations {@e1}
 r - 4 fruits
 t - a beef jerky
 w - a slice of pizza
 F - 10 chunks of flesh {@w0}


   Skills:
 - Level 11.2(7.8) Fighting
 - Level 1.7(0.0) Long Blades
 * Level 3.8(1.0) Bows
 - Level 2.1(0.0) Armour
 - Level 2.1(0.0) Shields


You had 7 spell levels left.
You didn't know any spells.

Dungeon Overview and Level Annotations

Branches:
Dungeon (6/15)
 Temple: D:4-7

Altars:
Makhleb
Sif Muna
Vehumet
Xom


Innate Abilities, Weirdness & Mutations

You have hooves in place of feet.
Armour fits poorly on your strangely shaped body.
You cover ground very quickly.
You have extremely tough skin. (AC +3)


Message History

* * * LOW HITPOINT WARNING * * *
You feel drained.
* * * LOW HITPOINT WARNING * * *
The wight hits you with an enchanted halberd.
* * * LOW HITPOINT WARNING * * *
You take 14 damage, and have 17/81 hp.
You closely miss the wight.
The wight is lightly damaged.
The wight hits you with an enchanted halberd!
* * * LOW HITPOINT WARNING * * *
You feel drained.
* * * LOW HITPOINT WARNING * * *
You take 9 damage, and have 8/81 hp.
You slash the wight!
The wight is almost destroyed.
You block the wight's attack.
The wight hits you from afar with an enchanted halberd!
* * * LOW HITPOINT WARNING * * *
You feel drained.
You die...

·········▒▒▒▒▒▒▒▒
▒▒▒▒▒▒▒'▒▒ ▒·▒ ▒·▒
▒·▒ ▒▒▒▒▒▒▒▒▒▒▒▒▒÷▒
· ·············▒ ···
▒·······▒▒▒▒▒▒·····
╬·······)@···'·····
▒▒······z▒▒▒▒▒▒·····
▒··▒<▒·········· ···
▒····▒·········· ·
▒·<▒·▒·····Z·z··
▒····▒··········
▒▒·▒▒▒·········<
···· ···········
▒▒▒·▒▒▒▒···z·····


You could see a wight.

Vanquished Creatures
  The ghost of Azzok the Fighter, a novice CeFi (D:5)
  The ghost of Azzok the Fighter, a novice CeFi (D:4)
  Sigmund (D:3)
  Eustachio (D:5)
  A necrophage (D:5)
  A phantom (D:5)
  A centaur (D:5)
  A wight (D:6)
  A howler monkey (D:6)
  2 crimson imps
  3 hounds
  An orc wizard (D:6)
  Terence (D:2)
  4 worker ants
  8 adders
  A shadow imp (D:6)
  An adder zombie (D:5)
  4 adder skeletons
  2 worms
  2 dart slugs
  2 leopard geckos
  7 orcs
  7 bats
  5 giant cockroaches
  8 goblins
  5 hobgoblins
  10 jackals
  2 quokkas
  3 ball pythons
  4 frilled lizards
  A jackal skeleton (D:4)
  4 kobolds (D:3)
  3 leopard gecko skeletons
  A leopard gecko zombie (D:6)
  7 rats
107 creatures vanquished.

Notes
Turn   | Place    | Note
-------+----------+-------------------------------------------
     0 | D:1      | Azzok the Centaur Fighter began the quest for the Orb.
     0 | D:1      | Reached XP level 1. HP: 19/19 MP: 1/1
   312 | D:1      | Reached XP level 2. HP: 26/26 MP: 2/2
   866 | D:2      | Noticed Terence
   880 | D:2      | Reached skill level 4 in Fighting
   887 | D:2      | Killed Terence
   887 | D:2      | Reached XP level 3. HP: 26/34 MP: 3/3
  1253 | D:2      | Reached XP level 4. HP: 41/41 MP: 4/4
  1286 | D:2      | Reached skill level 5 in Fighting
  1413 | D:2      | Found a deep blue altar of Sif Muna.
  1617 | D:3      | Noticed Sigmund
  1636 | D:3      | Killed Sigmund
  1636 | D:3      | Reached skill level 6 in Fighting
  1636 | D:3      | Reached XP level 5. HP: 7/51 MP: 5/5
  2085 | D:3      | Reached XP level 6. HP: 56/58 MP: 6/6
  2231 | D:3      | Found a faded altar of an unknown god.
  2449 | D:3      | Reached skill level 7 in Fighting
  2544 | D:3      | Found a burning altar of Makhleb.
  2545 | D:3      | Found a radiant altar of Vehumet.
  2895 | D:4      | Noticed Eustachio
  3147 | D:4      | HP: 3/60 [Eustachio/rapier of protection (4)]
  3159 | D:5      | Entered Level 5 of the Dungeon
  3166 | D:5      | Killed Eustachio
  3166 | D:5      | Reached skill level 8 in Fighting
  3166 | D:5      | Reached XP level 7. HP: 7/68 MP: 7/7
  3167 | D:5      | Noticed Azzok's ghost (novice CeFi)
  3525 | D:4      | Noticed Azzok's ghost (novice CeFi)
  3565 | D:4      | Killed Azzok's ghost
  3565 | D:4      | Reached skill level 9 in Fighting
  4848 | D:5      | Reached XP level 8. HP: 75/78 MP: 8/8
  4902 | D:5      | Reached skill level 10 in Fighting
  5118 | D:5      | Found a shimmering altar of Xom.
  5118 | D:5      | Found a shimmering altar of Xom.
  5129 | D:5      | Found a shimmering altar of Xom.
  5134 | D:5      | Found a shimmering altar of Xom.
  5134 | D:5      | Found a shimmering altar of Xom.
  5134 | D:5      | Found a shimmering altar of Xom.
  5252 | D:5      | Killed Azzok's ghost
  5252 | D:5      | Reached skill level 11 in Fighting
  6580 | D:6      | Reached skill level 1 in Bows
  6751 | D:6      | HP: 2/81 [wight/enchanted halberd (7)]
  6751 | D:6      | Slain by a wight

Skill      XL: |  1  2  3  4  5  6  7  8 |
---------------+-------------------------+-----
Fighting       | 4 6 8 9 11 | 11.2
Bows           | 3 |  3.8
Long Blades    | |  1.7
Armour         | |  2.1
Shields        | |  2.1

Action                   |  1- 3 |  4- 6 |  7- 9 || total
-------------------------+-------+-------+-------++-------
Melee: Long sword        |    80 |   210 |   212 ||   502
       Kick              |    18 |    45 |    79 ||   142
  Use: Potion            |       |     1 |       ||     1
       Scroll            |       |     3 |     1 ||     4
 Stab: Distracted        |       |       |     1 ||     1
  Eat: Chunk             |       |     6 |     6 ||    12
       Fruit             |       |       |     2 ||     2
       Royal jelly       |       |       |     1 ||     1
Armor: Scale mail        |    58 |   126 |    88 ||   272
Dodge: Dodged            |    19 |    70 |    43 ||   132
Block: Shield            |    49 |   114 |    98 ||   261
       Rpst.: Long sword |     8 |    18 |    15 ||    41
